 Dungeon Crawl Stone Soup version 0.26.1-11-gd32895ea62 (webtiles) character file.

Game seed: 316888541444986752

346616 OdinFK the Lord of Darkness (level 21, -3/171 HPs)
             Began as a Mummy Necromancer on June 4, 2021.
             Was the Champion of Kikubaaqudgha.
             Slain by a slime creature (4 damage)
             ... on level 1 of the Pits of Slime on June 6, 2021.
             The game lasted 04:08:34 (44998 turns).

OdinFK the Lord of Darkness (Mummy Necromancer)    Turns: 44998, Time: 04:08:35

Health: -3/171     AC: 19    Str: 13      XL:     21   Next: 19%
Magic:  11/33      EV: 21    Int: 25 (27) God:    Kikubaaqudgha [******]
Gold:   4597       SH:  0    Dex: 24      Spells: 15/36 levels left

rFire    . . .     SeeInvis +   a - +7 Screaming Sword {vorpal, sonic wave}
rCold    + . .     Faith    .   C - +2 kite shield
rNeg     + + +     Spirit   .   L - +3 leather armour {rF+}
rPois    ∞         Reflect  +   T - +2 helmet {SInv}
rElec    .         Harm     .   V - +1 cloak of Watchfulness {Int+4}
rCorr    +         Rampage  .   c - +1 pair of gloves "Ytily" {Slay+3}
Will     ++...                  S - +4 pair of boots of Nepn {Dex+9}
Stlth    +.........             P - amulet of reflection
HPRegen  0.38/turn              Y - ring of the Octopus King {rCorr AC+1 EV+1 Str+1 Int+1 Dex+1}
MPRegen  0.23/turn              e - +4 ring of protection

@: confused, marked, corroded
A: no potions, fire vulnerability, cold resistance 1, negative energy resistance
3, torment resistance, unbreathing, in touch with death 1
}: 2/15 runes: serpentine, barnacled
a: Renounce Religion, Receive Corpses, Torment


You were on level 1 of the Pits of Slime.
You worshipped Kikubaaqudgha.
Kikubaaqudgha was exalted by your worship.
You visited 8 branches of the dungeon, and saw 38 of its levels.
You also visited: Gauntlet, Ice Cave and Volcano.

You collected 5305 gold pieces.
You spent 708 gold pieces at shops.

Inventory:

Hand Weapons
 a - the +7 Screaming Sword (weapon) {vorpal, sonic wave}
   (You found it on level 5 of the Dungeon)

   It inflicts extra damage upon your enemies.
 b - a +3 demon trident of venom
Missiles
 g - 20 curare-tipped darts (quivered)
Armour
 c - the +1 pair of gloves "Ytily" (worn) {Slay+3}
   (You acquired it on level 13 of the Dungeon)

   It affects your accuracy and damage with ranged weapons and melee attacks
   (+3).
 v - a +1 tower shield of reflection
 C - a +2 kite shield (worn)
 L - a +3 leather armour of fire resistance (worn)
 S - the +4 pair of boots of Nepn (worn) {Dex+9}
   (You found it in an ice cave)

   It affects your dexterity (+9).
 T - a +2 helmet of see invisible (worn)
 U - the +0 robe of Fiomemuk {rC++ Will+ Str-4}
   (You found it in a Gauntlet)

   It affects your strength (-4).
   It greatly protects you from cold.
   It affects your willpower, your defense against some magical effects.
 V - the +1 cloak of Watchfulness (worn) {Int+4}
   (You found it in a Gauntlet)

   It affects your intelligence (+4).
Magical Staves
 K - an uncursed staff of death
Jewellery
 e - a +4 ring of protection (right hand)
 m - an uncursed ring of protection from cold
 q - the ring "Xuuzedit" {+Fly rPois}
   (You found it on level 3 of the Vaults)

   [ring of flight]

   It protects you from poison.
   It lets you fly.
 r - the ring "Xiaguul" {Will+ Str+6 Stlth+}
   (You acquired it on level 12 of the Dungeon)

   [ring of strength]

   It affects your strength (+6).
   It affects your willpower, your defense against some magical effects.
   It makes you more stealthy.
 A - the ring of the Lily {Will+ Int+5}
   (You found it on level 4 of the Vaults)

   [ring of willpower]

   It affects your intelligence (+5).
   It affects your willpower, your defense against some magical effects.
 F - an uncursed ring of see invisible
 G - the ring "Metif" {rElec rF- rN+ Str+7 Dex+6}
   (You acquired it on level 4 of the Vaults)

   [ring of dexterity]

   It affects your strength (+7).
   It affects your dexterity (+6).
   It makes you vulnerable to fire.
   It insulates you from electricity.
   It protects you from negative energy.
 J - an uncursed ring of fire
 P - an amulet of reflection (around neck)
 Q - an uncursed amulet of magic regeneration
 Y - a ring of the Octopus King (left hand) {rCorr AC+1 EV+1 Str+1 Int+1 Dex+1}
   (You found it on level 3 of the Vaults)

   [ring of resist corrosion]

   It affects your AC (+1).
   It affects your evasion (+1).
   It affects your strength (+1).
   It affects your intelligence (+1).
   It affects your dexterity (+1).
   It provides partial protection from all sources of acid and corrosion.
Wands
 d - a wand of digging (22)
 k - a wand of paralysis (22)
 l - a wand of iceblast (61)
 o - a wand of flame (60)
 D - a wand of acid (24)
 I - a wand of enslavement (12)
Scrolls
 f - 6 scrolls of fear
 i - 7 scrolls of identify
 j - 2 scrolls of torment
 n - 7 scrolls of enchant armour
 p - 2 scrolls of holy word
 s - 13 scrolls of amnesia
 t - 10 scrolls of teleportation
 u - 16 scrolls of remove curse
 w - 5 scrolls of enchant weapon
 x - a scroll of blinking
 y - 9 scrolls of vulnerability
 z - a scroll of silence
 B - 7 scrolls of fog
 E - 6 scrolls of immolation
 H - 3 scrolls of brand weapon
 M - 6 scrolls of magic mapping
 X - 2 scrolls of summoning
Miscellaneous
 h - a tin of tremorstones (2/2)
 N - a phantom mirror
 O - a box of beasts
 R - a condenser vane
 W - a lightning rod (4/4)


   Skills:
 + Level 16.1 Fighting
 + Level 12.1 Long Blades
 - Level 2.0 Throwing
 - Level 3.0 Armour
 + Level 9.2 Dodging
 - Level 2.0 Stealth
 + Level 13.1 Shields
 - Level 8.0 Spellcasting
 + Level 22.0 Necromancy
 - Level 4.0 Translocations
 + Level 9.2 Evocations


You had 15 spell levels left.
You knew the following spells:

 Your Spells              Type           Power        Failure   Level
a - Pain                  Necr           100%         0%          1
b - Animate Skeleton      Necr           100%         0%          1
c - Vampiric Draining     Necr           55%          0%          3
d - Agony                 Necr           100%         1%          5
e - Animate Dead          Necr           55%          0%          4
f - Dispel Undead         Necr           100%         0%          4
g - Apportation           Tloc           60%          1%          1
h - Blink                 Tloc           N/A          2%          2

Your spell library contained the following spells:

 Spells                   Type           Power        Failure   Level
 Corpse Rot               Necr/Air       N/A          1%          2
 Excruciating Wounds      Necr           55%          1%          5
 Death Channel            Necr           55%          1%          6
 Gell's Gravitas          Tloc           15%          5%          3
 Lesser Beckoning         Tloc           15%          5%          3
 Teleport Other           Tloc           30%          5%          3
 Infestation              Necr           55%          8%          8
 Corona                   Hex            11%          10%         1
 Foxfire                  Conj/Fire      40%          10%         1
 Sandblast                Erth           20%          10%         1
 Shock                    Conj/Air       40%          10%         1
 Sting                    Tmut/Pois      40%          10%         1
 Summon Small Mammal      Summ           40%          10%         1
 Portal Projectile        Hex/Tloc       40%          13%         3
 Poisonous Vapours        Pois/Air       20%          14%         2
 Slow                     Hex            10%          14%         2
 Swiftness                Air            10%          14%         2
 Simulacrum               Ice/Necr       39%          16%         6
 Passage of Golubria      Tloc           N/A          19%         4
 Confusing Touch          Hex            10%          28%         3
 Conjure Flame            Conj/Fire      10%          28%         3
 Ignite Poison            Fire/Tmut/Pois 10%          28%         3
 Inner Flame              Hex/Fire       10%          28%         3
 Mephitic Cloud           Conj/Pois/Air  10%          28%         3
 Static Discharge         Conj/Air       10%          28%         3
 Stone Arrow              Conj/Erth      20%          28%         3
 Summon Guardian Golem    Hex/Summ       10%          28%         3
 Haunt                    Necr/Summ      39%          65%         7
 Airstrike                Air            5%           67%         4
 Cause Fear               Hex            5%           67%         4
 Leda's Liquefaction      Hex/Erth       5%           67%         4
 Petrify                  Tmut/Erth      10%          67%         4
 Alistair's Intoxication  Tmut/Pois      6%           95%         5
 Irradiate                Conj/Tmut      5%           95%         5
 Lee's Rapid Deconstruct  Erth           5%           95%         5
 Lightning Bolt           Conj/Air       5%           95%         5
 Metabolic Englaciation   Hex/Ice        5%           95%         5
 Yara's Violent Unravell  Hex/Tmut       5%           95%         5
 Dispersal                Tloc           15%          96%         6
 Eringya's Noxious Bog    Tmut/Pois      5%           100%        6
 Freezing Cloud           Conj/Ice/Air   5%           100%        6
 Malign Gateway           Summ/Tloc      10%          100%        7
 Monstrous Menagerie      Summ           5%           100%        7
 Summon Greater Demon     Summ           5%           100%        7
 Disjunction              Tloc           15%          100%        8
 Summon Horrible Things   Summ           5%           100%        8
 Dragon's Call            Summ           5%           100%        9
 Shatter                  Erth           5%           100%        9
 Sublimation of Blood     Necr           Unusable     N/A         2
 Borgnjor's Revivificati  Necr           Unusable     N/A         8
 Beastly Appendage        Tmut           Unusable     N/A         1
 Wereblood                Tmut           Unusable     N/A         2
 Spider Form              Tmut/Pois      Unusable     N/A         3
 Ice Form                 Ice/Tmut       Unusable     N/A         4
 Death's Door             Necr           Unusable     N/A         9
 Blade Hands              Tmut           Unusable     N/A         5
 Dragon Form              Tmut           Unusable     N/A         7
 Necromutation            Tmut/Necr      Unusable     N/A         8

Dungeon Overview and Level Annotations

Branches:
Dungeon (15/15)            Temple (1/1) D:5            Lair (6/6) D:10
 Shoals (4/4) Lair:3        Snake (4/4) Lair:3        Slime (2/5) Lair:6
    Orc (2/2) D:11            Elf (0/3) Orc:2        Vaults (4/5) D:13
  Crypt (0/3) Vaults:2      IceCv (visited)         Volcano (visited)
Gauntlet (visited)
 Depths: D:15

Altars:
Ashenzari
Cheibriados
Dithmenos
Elyvilon
Fedhas
Gozag
Hepliaklqana
Kikubaaqudgha
Makhleb
Nemelex Xobeh
Okawaru
Qazlal
Ru
Sif Muna
Trog
Uskayaw
Vehumet
Wu Jian
Xom
Yredelemnul
Zin
The Shining One

Shops:
D:5 [   D:12 =   D:14 }   Orc:2 *:([   Snake:4 *   Vaults:1 [   Vaults:3 !
Vaults:4 [

Portals:
Trove: D:10 (show slimy rune of Zot)

Annotations:
D:15 Agnes
Lair:1 Gastronok
Lair:2 exclusion: oklob plant
Snake:2 Aizul, Frances
Snake:4 3 runed translucent doors, exclusion: obsidian statue, PanSaczeczos's ghost, adept NaVM
Vaults:3 3 runed translucent doors, casual's ghost, veteran MiMo


Innate Abilities, Weirdness & Mutations

You do not drink.
Your flesh is vulnerable to fire.
You are immune to poison.
Your flesh is cold resistant. (rC+)
You are immune to negative energy. (rN+++)
You are immune to unholy pain and torment.
You can survive without breathing.
You are in touch with the powers of death.


Message History

Your body decomposes!
You feel dopey.
A large slime creature splits.
You barely miss the slime creature.
The slime creature is heavily wounded.
The acid blob hits you.
* * * LOW HITPOINT WARNING * * *
The acid corrodes you!
You are splashed with acid.
You resist.
* * * LOW HITPOINT WARNING * * *
A large slime creature splits.
The azure jelly misses you. The azure jelly hits you.
* * * LOW HITPOINT WARNING * * *
The azure jelly freezes you! You resist.
* * * LOW HITPOINT WARNING * * *
The azure jelly hits you but does no damage.
The azure jelly closely misses you.
An enormous slime creature splits.
A slime creature comes into view.
The slime creature hits you.
You die...
Kikubaaqudgha rasps: "You have failed me!
Welcome... oblivion!"

#.# ##...# ##..##
....# ##.....# ...#
##.#.....#..###
##...#.#.#.....##.
##....#.##.G.......
##........#....#.##
#......JJ#......#.##
. #J@J..........#
..#GJJ#..........
......GJJ.§........
.......§..........#
...................#
..J..#.....>........
....#...............
.J####..............
#...............


You could see an acid blob, an azure jelly, 2 large slime creatures, 6 slime
creatures, a shining eye and an eye of draining.

Vanquished Creatures
  Vashnia (Snake:2)
  An Ice Fiend (IceCv)
  A tentacled monstrosity (Vaults:4)
  A lich (Vaults:3)
  3 acid blobs
  A sphinx (Vaults:4)
  Kirke (Shoals:4)
  A shadow dragon (Vaults:4)
  6 tengu reavers
  Ilsuiw (Shoals:3)
  4 storm dragons
  A revenant (Vaults:2)
  4 azure jellies (Slime:1)
  3 fire giants
  9 nagarajas
  2 frost giants
  17 vault wardens
  2 orc warlords
  17 ironheart preservers
  A war gargoyle (Vaults:3)
  6 stone giants
  A dire elephant (Lair:6)
  2 deep elf annihilators (Vaults:4)
  Azrael (Orc:2)
  A deep elf demonologist (Vaults:3)
  A red draconian (Volcano)
  An entropy weaver (Vaults:4)
  3 merfolk javelineers
  Erolcha (D:10)
  8 ogre magi
  12 merfolk impalers
  A fire dragon (Vaults:3)
  A jiangshi (Vaults:2)
  Fannar (D:10)
  Harold (D:9)
  3 great orbs of eyes
  9 yaktaur captains
  6 hydras
  29 vault guards
  A catoblepas (D:14)
  11 naga warriors
  4 ice dragons
  Erica (D:9)
  10 centaur warriors
  22 two-headed ogres
  2 death knights
  4 boulder beetles
  3 merfolk avatars (Shoals:4)
  3 anacondas
  3 dancing weapons
  2 tengu warriors (D:14)
  3 merfolk aquamancers (Shoals:4)
  17 naga sharpshooters
  A deep troll earth mage (Vaults:3)
  2 satyrs
  5 orc high priests (Orc:2)
  Sonja (Lair:5)
  3 hell knights (Vaults:3)
  3 shock serpents
  Nergalle (D:10)
  5 deep elf knights
  A salamander mystic (Snake:2)
  9 sea snakes
  2 deep trolls (Vaults:3)
  8 unseen horrors
  A glowing orange brain (Vaults:2)
  11 skeletal warriors
  A flayed ghost (Vaults:2)
  A lindwurm (Lair:4)
  6 naga ritualists
  3 wizards
  2 deep elf archers
  10 harpies
  18 ironbrand convokers
  2 necromancers
  10 orc knights
  5 orc sorcerers
  19 ugly things
  19 deep elf magi
  6 wolf spiders
  A harpy (shapeshifter) (D:15)
  6 mana vipers
  11 cyclopes
  4 fauns (Shoals:1)
  An elephant (D:10)
  22 manticores
  A centaur zombie (D:12)
  22 black mambas
  9 salamanders
  A black mamba (shapeshifter) (Vaults:1)
  5 merfolk sirens
  6 water nymphs
  Maurice (Orc:1)
  10 vault sentinels
  15 naga magi
  An ice statue (IceCv)
  2 gargoyles
  13 cane toads
  An orc skeleton (Vaults:2)
  Maggie (D:8)
  A cane toad (shapeshifter) (Vaults:1)
  A human zombie (Vaults:2)
  9 komodo dragons
  28 yaktaurs
  11 freezing wraiths
  7 ice devils (IceCv)
  2 anaconda simulacra (IceCv)
  2 rime drakes
  4 golden dragon simulacra (IceCv)
  2 jumping spiders
  5 trolls
  A meliai (shapeshifter) (Vaults:4)
  A queen bee (Gauntlet)
  18 merfolk
  3 polar bears
  A troll (shapeshifter) (D:13)
  5 hornets
  8 snapping turtles
  8 blink frogs
  A meliai zombie (D:15)
  6 wind drakes
  40 slime creatures
  4 dream sheep (Shoals:3)
  A flying skull (Vaults:2)
  A stone giant simulacrum (Vaults:1)
  A shadow (D:15)
  4 vampires
  2 redbacks
  3 centaur simulacra
  2 wraiths
  6 fire bats (Volcano)
  Eustachio (D:6)
  A redback (shapeshifter) (Vaults:3)
  2 fire elementals (Orc:2)
  A tarantella (Vaults:4)
  9 water elementals
  3 hogs (Shoals:4)
  5 basilisks
  A fire bat (shapeshifter) (Vaults:4)
  3 dire elephant simulacra (IceCv)
  48 yaks
  7 wyverns
  8 golden eyes (Slime:1)
  A death yak simulacrum (IceCv)
  A hog (shapeshifter) (Vaults:2)
  12 vampire mosquitoes
  A basilisk (shapeshifter) (D:13)
  4 acid dragons
  5 harpy simulacra (IceCv)
  4 iron troll simulacra (IceCv)
  3 wargs
  Duvessa (D:7)
  21 water moccasins
  A hydra simulacrum (IceCv)
  6 hell hounds (Orc:2)
  29 nagas
  3 black bears
  34 orc warriors
  2 sky beasts
  12 ice beasts
  2 necrophages
  29 ogres
  5 eyes of draining
  10 boggarts
  An alligator simulacrum (IceCv)
  20 wolves
  6 phantoms
  37 centaurs
  2 big kobolds (D:8)
  17 bullfrogs
  A wyvern zombie (D:7)
  A human skeleton (Vaults:2)
  A wyvern skeleton (D:14)
  Dowan (D:7)
  4 scorpions
  A human simulacrum (Vaults:3)
  15 killer bees
  An elephant simulacrum (IceCv)
  4 wights (D:12)
  A howler monkey (shapeshifter) (Vaults:2)
  5 howler monkeys
  10 electric eels
  2 draconian simulacra (IceCv)
  3 bullfrog zombies
  6 lava snakes (Volcano)
  4 jellies
  A bullfrog skeleton (D:12)
  14 orc priests
  6 hounds
  5 centaur skeletons
  23 orc wizards
  Natasha (twice) (D:2)
  A gnoll shaman (D:10)
  4 iguanas
  An iguana (shapeshifter) (Vaults:4)
  9 hell rats
  3 spriggan simulacra (IceCv)
  3 troll simulacra (IceCv)
  11 worker ants
  A hound skeleton (D:7)
  Robin (D:2)
  A worker ant zombie (D:10)
  10 gnolls
  18 adders
  5 naga simulacra (IceCv)
  3 ogre simulacra (IceCv)
  A shadow imp (D:9)
  11 white imps
  2 ufetubi
  3 oozes (D:4)
  An adder skeleton (D:8)
  An adder zombie (D:8)
  A worm (D:6)
  2 dart slugs
  8 leopard geckos
  79 orcs
  4 giant cockroaches
  14 goblins
  4 hobgoblins
  10 jackals
  19 kobolds
  5 quokkas
  3 ball pythons
  14 bats
  8 frilled lizards
  A leopard gecko skeleton (D:8)
  13 rats
1471 creatures vanquished.

Vanquished Creatures (collateral kills)
  Louise (Shoals:2)
  An entropy weaver (Gauntlet)
  A dire elephant (Lair:6)
  A merfolk avatar (Shoals:4)
  A centaur warrior (D:15)
  An anaconda (Snake:3)
  A tengu warrior (D:15)
  A sea snake (Shoals:4)
  2 mana vipers (Snake:3)
  A salamander (Snake:1)
  2 merfolk (Shoals:4)
  A hornet (Gauntlet)
14 creatures vanquished.

Vanquished Creatures (others)
  An unseen horror (Vaults:1)
  A manticore (Shoals:3)
  A vampire (D:14)
  A boggart (Vaults:2)
  An orc wizard (Orc:1)
  A white imp (D:10)
  2 orcs (D:10)
  A jackal (D:10)
  A bush (D:14)
  14 demonic plants (Gauntlet)
  88 fungi
  242 plants
354 creatures vanquished.

Grand Total: 1839 creatures vanquished

Notes
Turn   | Place    | Note
-------+----------+-------------------------------------------
     0 | D:1      | OdinFK the Mummy Necromancer began the quest for the Orb.
     0 | D:1      | Reached XP level 1. HP: 13/13 MP: 4/4
   131 | D:1      | Reached XP level 2. HP: 20/20 MP: 6/6
   133 | D:1      | Learned a level 1 spell: Animate Skeleton
   176 | D:1      | Reached skill level 1 in Fighting
   573 | D:2      | Noticed Robin
   579 | D:1      | Reached XP level 3. HP: 24/26 MP: 5/7
   631 | D:2      | Learned a level 3 spell: Vampiric Draining
   738 | D:2      | Noticed Natasha
   751 | D:2      | Killed Natasha
   752 | D:2      | Reached skill level 5 in Necromancy
   809 | D:2      | Reached XP level 4. HP: 20/32 MP: 3/8
  1180 | D:2      | Noticed Natasha
  1195 | D:2      | Killed Natasha
  1216 | D:2      | Killed Robin
  1217 | D:2      | Reached skill level 6 in Necromancy
  1340 | D:2      | Reached XP level 5. HP: 18/37 MP: 0/9
  1346 | D:2      | Learned a level 5 spell: Agony
  2152 | D:3      | Found a faded altar of an unknown god.
  2295 | D:3      | Found a shadowy altar of Dithmenos.
  2480 | D:4      | Noticed a black bear
  2550 | D:4      | Reached skill level 1 in Evocations
  2734 | D:4      | Reached XP level 6. HP: 37/44 MP: 3/10
  2822 | D:4      | Found a broken altar of Ashenzari.
  2916 | D:4      | Found a sparkling altar of Nemelex Xobeh.
  3026 | D:4      | Reached skill level 7 in Necromancy
  3256 | D:5      | Entered Level 5 of the Dungeon
  3257 | D:5      | Found a staircase to the Ecumenical Temple.
  3279 | D:5      | Reached XP level 7. HP: 52/52 MP: 11/11
  3288 | Temple   | Entered the Ecumenical Temple
  3532 | D:5      | Found a hazy altar of Hepliaklqana.
  3883 | D:5      | Reached skill level 8 in Necromancy
  3993 | D:5      | Found Silorol's Antique Armour Emporium.
  4001 | D:5      | Bought a buckler for 153 gold pieces
  4165 | D:5      | Found the +7 Singing Sword {vorpal, sonic wave}
  4317 | D:6      | Reached skill level 1 in Shields
  4410 | D:6      | Reached XP level 8. HP: 37/59 MP: 13/13
  4526 | D:6      | Noticed Eustachio
  4572 | D:6      | Killed Eustachio
  4625 | D:6      | Found an opulent altar of Gozag.
  4843 | D:7      | Reached skill level 5 in Fighting
  4843 | D:7      | Reached skill level 9 in Necromancy
  5111 | D:7      | Got a faintly humming scale mail
  5156 | D:7      | Noticed Duvessa
  5158 | D:7      | Reached skill level 10 in Necromancy
  5158 | D:7      | Reached XP level 9. HP: 57/68 MP: 15/15
  5160 | D:7      | Noticed Dowan
  5163 | D:7      | Killed Duvessa
  5168 | D:7      | Killed Dowan
  5244 | D:7      | Found an iron altar of Okawaru.
  5425 | D:8      | Reached skill level 1 in Long Blades
  5489 | D:8      | Noticed Maggie
  5739 | D:8      | Learned a level 4 spell: Animate Dead
  5752 | D:8      | Killed Maggie
  5753 | D:8      | Reached skill level 11 in Necromancy
  6179 | D:9      | Reached XP level 10. HP: 58/74 MP: 17/17
  6181 | D:9      | Reached skill level 5 in Spellcasting
  6186 | D:9      | Noticed Erica
  6705 | D:9      | Found an ancient bone altar of Kikubaaqudgha.
  6708 | D:9      | Found a sacrificial altar of Ru.
  6725 | D:9      | Became a worshipper of Kikubaaqudgha
  6756 | D:9      | Noticed Harold
  6792 | D:9      | Killed Harold
  7068 | D:10     | Entered Level 10 of the Dungeon
  7113 | D:9      | Killed Erica
  7114 | D:9      | Reached skill level 12 in Necromancy
  7345 | D:10     | Noticed an elephant
  7467 | D:10     | Found a staircase to the Lair.
  7689 | D:10     | Reached XP level 11. HP: 56/83 MP: 13/18
  7721 | D:10     | Reached skill level 13 in Necromancy
  7883 | D:10     | Noticed a centaur warrior
  7938 | D:10     | Noticed Nergalle
  7962 | D:10     | Killed Nergalle
  8019 | D:10     | Killed a centaur warrior
  8019 | D:10     | Reached * piety under Kikubaaqudgha
  8019 | D:10     | Identified Kikubaaqudgha's Reference Book on Necromancy
                  | (Kikubaaqudgha gifted it to you on level 10 of the Dungeon)
  8019 | D:10     | Received a gift from Kikubaaqudgha
  8139 | D:10     | Found a portal to a secret trove of treasure.
  8143 | D:10     | Noticed Fannar
  8143 | D:10     | Noticed Erolcha
  8502 | Lair:1   | Entered Level 1 of the Lair of Beasts
  8583 | Lair:1   | Noticed Gastronok
  8625 | Lair:1   | Found a dark tunnel.
  8635 | Volcano  | Entered a volcano
  8930 | Volcano  | Noticed a red draconian
  8959 | Volcano  | Killed a red draconian
  8959 | Volcano  | Noticed a centaur warrior
  8960 | Volcano  | Reached skill level 5 in Long Blades
  9096 | Volcano  | Killed a centaur warrior
  9279 | Volcano  | Found a burning altar of Makhleb.
  9319 | Volcano  | Found a radiant altar of Vehumet.
  9832 | Lair:1   | Identified the Compendium of Stones and Malediction
  9876 | Lair:1   | Reached ** piety under Kikubaaqudgha
  9877 | Lair:1   | Reached XP level 12. HP: 63/92 MP: 17/19
  9983 | Lair:2   | Reached skill level 14 in Necromancy
 10114 | Lair:2   | Noticed an eight-headed hydra
 10232 | Lair:2   | Noticed a four-headed hydra
 10693 | Lair:1   | Killed a four-headed hydra
 10929 | Lair:2   | Reached skill level 15 in Necromancy
 11462 | Lair:3   | Found an opulent altar of Gozag.
 11487 | Lair:3   | Reached *** piety under Kikubaaqudgha
 11487 | Lair:3   | Identified Kikubaaqudgha's Grimoire of Black Arts
                  | (Kikubaaqudgha gifted it to you on level 3 of the Lair of
                  | Beasts)
 11487 | Lair:3   | Received a gift from Kikubaaqudgha
 11505 | Lair:3   | Learned a level 4 spell: Dispel Undead
 11691 | Lair:3   | Found a staircase to the Snake Pit.
 11984 | Lair:3   | Found a staircase to the Shoals.
 12356 | Lair:4   | Noticed an ice dragon
 12711 | Lair:4   | Reached skill level 5 in Dodging
 12711 | Lair:4   | Gained mutation: You are in touch with the powers of death.
                  | [Mummy growth]
 12711 | Lair:4   | Reached XP level 13. HP: 68/100 MP: 15/22
 12712 | Lair:4   | Reached skill level 5 in Evocations
 12915 | Lair:4   | Learned a level 1 spell: Apportation
 13094 | Lair:5   | Reached **** piety under Kikubaaqudgha
 13185 | Lair:5   | Noticed Sonja
 13196 | Lair:5   | Killed Sonja
 13593 | Lair:6   | Entered Level 6 of the Lair of Beasts
 13716 | Lair:6   | Reached skill level 10 in Fighting
 13729 | Lair:6   | HP: 5/103 [komodo dragon (10)]
 14022 | Lair:6   | Found a staircase to the Slime Pits.
 14085 | Lair:6   | Found a gate leading to a gauntlet.
 14094 | Gauntlet | Entered a Gauntlet
 14094 | Gauntlet | Found a transporter.
 14103 | Gauntlet | Found a transporter.
 14105 | Gauntlet | Found a transporter.
 14107 | Gauntlet | Found a transporter.
 14121 | Gauntlet | Found a transporter.
 14131 | Gauntlet | Found a transporter.
 14139 | Gauntlet | Found a transporter.
 14158 | Gauntlet | Found a transporter.
 14173 | Gauntlet | Found a transporter.
 14185 | Gauntlet | Found a transporter.
 14205 | Gauntlet | Found a transporter.
 14211 | Gauntlet | Found a transporter.
 14231 | Gauntlet | Found a transporter.
 14237 | Gauntlet | Found a transporter.
 14239 | Gauntlet | Found a transporter.
 14256 | Gauntlet | Found a transporter.
 14261 | Gauntlet | Found a transporter.
 14278 | Gauntlet | Noticed an entropy weaver
 14304 | Gauntlet | Found a transporter.
 14353 | Gauntlet | Reached skill level 16 in Necromancy
 14371 | Gauntlet | Got a fine spear
 14500 | Gauntlet | Got a dull robe
 14511 | Gauntlet | Identified the cursed +0 robe of Fiomemuk {rC++ Will+
                  | Str-4} (You found it in a Gauntlet)
 14511 | Gauntlet | Identified the +7 spear of the Shallot {freeze, Will+} (You
                  | found it in a Gauntlet)
 14629 | Gauntlet | Killed an entropy weaver
 14635 | Gauntlet | Got a steaming cloak
 14654 | Gauntlet | Identified the +1 cloak of Watchfulness {Int+4} (You found
                  | it in a Gauntlet)
 14995 | Gauntlet | Identified the +5 rapier "Anuxibi" {pain, +Rage rF+ Dex+4
                  | Stlth+}
 14995 | Gauntlet | Identified the +7 hand crossbow of a Thousand Lives {speed,
                  | +Fly Int+3 Dex+2}
 14995 | Gauntlet | Noticed a minotaur
 15017 | Gauntlet | Identified the Papyrus of Nocuous Earth
 15347 | Lair:6   | Noticed a dire elephant
 15609 | Lair:6   | Killed a dire elephant
 15816 | Lair:6   | Noticed a dire elephant
 15823 | Lair:6   | Killed a dire elephant
 15824 | Lair:6   | Reached skill level 17 in Necromancy
 16226 | D:10     | Killed Fannar
 16459 | D:10     | Reached ***** piety under Kikubaaqudgha
 16930 | D:11     | Reached skill level 1 in Translocations
 16951 | D:11     | Found a staircase to the Orcish Mines.
 17179 | D:11     | Reached skill level 1 in Armour
 17179 | D:11     | Reached XP level 14. HP: 101/110 MP: 23/23
 17291 | D:10     | Found a sparkling altar of Nemelex Xobeh.
 17409 | D:12     | Identified a scroll of acquirement
 17411 | D:12     | Acquired the ring "Xiaguul" {Will+ Str+6 Stlth+}
 17810 | D:12     | Found Qepystun's Jewellery Shoppe.
 17827 | D:12     | Bought an uncursed amulet of magic regeneration for 360
                  | gold pieces
 17884 | D:12     | Found a burning altar of Makhleb.
 17899 | D:12     | Found a glowing golden altar of the Shining One.
 18989 | D:13     | Found a gate to the Vaults.
 19288 | D:13     | Got a fine scale mail
 19289 | D:13     | Acquired the +1 pair of gloves "Ytily" {Slay+3}
 19460 | D:14     | Found a broken altar of Ashenzari.
 19490 | D:14     | Found Kuusesosy's Gadget Shoppe.
 19538 | D:14     | Reached skill level 5 in Shields
 19703 | D:14     | Reached ****** piety under Kikubaaqudgha
 19730 | D:14     | Received a gift from Kikubaaqudgha
 20273 | D:15     | Entered Level 15 of the Dungeon
 20276 | D:15     | Noticed Agnes
 20811 | D:14     | Learned a level 2 spell: Blink
 20877 | D:15     | Reached XP level 15. HP: 59/119 MP: 7/24
 22556 | Orc:1    | Entered Level 1 of the Orcish Mines
 22583 | Orc:1    | Reached skill level 18 in Necromancy
 22620 | Orc:1    | Noticed Maurice
 22662 | Orc:1    | Killed Maurice
 22903 | Orc:2    | Entered Level 2 of the Orcish Mines
 22904 | Orc:2    | Found Poapt's General Store.
 23210 | Orc:2    | Noticed an orc warlord
 23220 | Orc:1    | Killed an orc warlord
 23264 | Orc:2    | Found Syokeari's Antique Armour Emporium.
 23776 | Orc:2    | Found Sear Wuo's Antique Weapon Boutique.
 23834 | Orc:2    | Found a staircase to the Elven Halls.
 23851 | Orc:2    | Found Bixzi's Book Boutique.
 23961 | Orc:2    | Bought a glowing helmet for 195 gold pieces
 24085 | Orc:2    | Reached skill level 19 in Necromancy
 24189 | Orc:2    | Noticed Azrael
 24240 | Orc:2    | Killed Azrael
 24469 | D:10     | Killed Erolcha
 24605 | Snake:1  | Entered Level 1 of the Snake Pit
 25588 | Snake:2  | Reached XP level 16. HP: 93/127 MP: 10/25
 25696 | Snake:2  | Noticed Vashnia
 25901 | Snake:2  | Noticed Aizul
 26275 | Snake:2  | Killed Vashnia
 26829 | Snake:2  | Noticed Frances
 27293 | Snake:3  | Identified the +4 scale mail of Bitterness {Stlth+} (You
                  | found it on level 13 of the Dungeon)
 27303 | Snake:3  | Identified the cursed +1 scale mail of Ezeat {rC+ Str+2}
                  | (You found it on level 7 of the Dungeon)
 27341 | Snake:3  | Reached skill level 1 in Throwing
 27449 | Snake:4  | Entered Level 4 of the Snake Pit
 27837 | Snake:4  | Found a runed translucent gate.
 27837 | Snake:4  | Found an opulent altar of Gozag.
 27837 | Snake:4  | Found a runed translucent gate.
 27837 | Snake:4  | Noticed PanSaczeczos's ghost (adept NaVM)
 28002 | Snake:4  | Found a runed translucent gate.
 28014 | Snake:4  | Found Qamugemif's Assorted Antiques.
 29168 | Snake:4  | Reached XP level 17. HP: 130/137 MP: 10/27
 29448 | Snake:4  | Got a serpentine rune of Zot
 29574 | Shoals:1 | Entered Level 1 of the Shoals
 30101 | Shoals:1 | Reached skill level 20 in Necromancy
 30461 | Shoals:2 | Noticed Louise
 31148 | Shoals:3 | Found a glowing golden altar of the Shining One.
 31689 | Shoals:3 | Noticed Ilsuiw
 31709 | Shoals:3 | Killed Ilsuiw
 32067 | Shoals:4 | Entered Level 4 of the Shoals
 32069 | Shoals:4 | Found a frozen archway.
 32083 | IceCv    | Entered an ice cave
 32933 | IceCv    | Noticed an Ice Fiend
 33748 | IceCv    | Killed an Ice Fiend
 33940 | IceCv    | Got a pair of twisted boots
 33946 | IceCv    | Identified the +4 pair of boots of Nepn {Dex+9} (You found
                  | it in an ice cave)
 34419 | Shoals:4 | Reached XP level 18. HP: 78/147 MP: 21/28
 34467 | Shoals:4 | Got a barnacled rune of Zot
 34879 | Shoals:4 | Noticed Kirke
 34945 | Shoals:4 | Killed Kirke
 35359 | Shoals:2 | Killed Louise
 35619 | Vaults:1 | Entered Level 1 of the Vaults
 35850 | D:13     | Reached skill level 10 in Long Blades
 36568 | Vaults:1 | Reached skill level 15 in Fighting
 37019 | Vaults:1 | Found Ifuy's Armour Boutique.
 37495 | Vaults:2 | Reached skill level 10 in Shields
 37781 | Vaults:2 | Reached skill level 21 in Necromancy
 38190 | Vaults:2 | Found a staircase to the Crypt.
 38372 | Vaults:2 | Reached XP level 19. HP: 150/155 MP: 22/29
 39418 | Vaults:3 | Found a runed translucent gate.
 39418 | Vaults:3 | Found a runed translucent gate.
 39418 | Vaults:3 | Found a runed translucent gate.
 40170 | Vaults:3 | Noticed casual's ghost (veteran MiMo)
 40693 | Vaults:3 | Reached XP level 20. HP: 141/163 MP: 8/32
 40694 | Vaults:3 | Found Kothroova's Distillery.
 41350 | Vaults:3 | Found the ring of the Octopus King
 41357 | Vaults:3 | Got a ring of the Octopus King
 41359 | Vaults:3 | Identified a ring of the Octopus King {rCorr AC+1 EV+1
                  | Str+1 Int+1 Dex+1} (You found it on level 3 of the Vaults)
 41408 | Vaults:3 | Identified the +4 morningstar "Lebaobb" {vorpal, Dex+6}
                  | (You found it on level 3 of the Vaults)
 41418 | Vaults:3 | Got a warped bronze ring
 41419 | Vaults:3 | Identified the ring "Xuuzedit" {+Fly rPois} (You found it
                  | on level 3 of the Vaults)
 41661 | Vaults:4 | Found Jeucron's Armour Emporium.
 41979 | Vaults:4 | Identified the ring of the Lily {Will+ Int+5} (You found it
                  | on level 4 of the Vaults)
 41981 | Vaults:4 | Acquired the ring "Metif" {rElec rF- rN+ Str+7 Dex+6}
 42126 | Vaults:4 | Identified the +6 mace "Iplozigo" {elec, *Contam Str+6
                  | Int+5} (You found it on level 4 of the Vaults)
 42627 | Vaults:4 | Identified the cursed +1 rapier of the Silent Majority
                  | {vorpal, +Blink Str+3} (You found it on level 4 of the
                  | Vaults)
 43464 | Vaults:4 | Reached skill level 22 in Necromancy
 43915 | Vaults:4 | Reached XP level 21. HP: 171/171 MP: 19/33
 44281 | Slime:1  | Entered Level 1 of the Pits of Slime
 44998 | Slime:1  | HP: 1/171 [azure jelly (10)]
 44998 | Slime:1  | Slain by a slime creature

Illustrated notes

Levels and vault maps discovered:
D:1:      ncdulo_watergridlock, layout_basic, minmay_rat_gold_closets
D:2:      layout_loops_ring, uniq_natasha, uniq_robin
D:3:      layout_basic, general_overflow_altar,
          chequers_ecumenical_altar_simple_redux
D:4:      layout_rooms, lemuel_doored_altar, serial_bayou_pond_d,
          nemelex_dance_club_becter
D:5:      old_forge, layout_loops_ring, nzn_hepliaklqana_mist_gate,
          temple_pool_b, serial_shops, nicolae_shop_statue_plus
D:6:      layout_cave_pools, grunt_gozag_statues, uniq_eustachio
D:7:      layout_cave_pools, okawaru_gym_becter, kennysheep_generic_room_7,
          uniq_duvessa
D:8:      kennysheep_spiral_hall, layout_gridville, uniq_maggie
D:9:      layout_loops_ring, minitemple, uniq_erica, uniq_harold
D:10:     lemuel_upstairs_altar, layout_basic, david_lair_generic,
          nicolae_trove_entry_free_sample, uniq_fannar, uniq_erolcha,
          uniq_nergalle
D:11:     layout_cave_pods, orc_0_dummy
D:12:     layout_loops_ring, serial_shops,
          nicolae_shop_temple_entry_statues_fountains, grunt_decor_cap,
          nzn_life_drinkers
D:13:     minmay_tri_box, layout_loops_corners, erik_vaults_1, serial_bayou,
          serial_bayou_lagoon_a, serial_bayou_pond_e, serial_bayou_crossing,
          serial_bayou_shore_b
D:14:     layout_basic, grunt_decor_clamped, serial_shops,
          nicolae_shop_statue_plus, basic_altar, minmay_hedge_maze
D:15:     hangedman_depths_entry_try_elsewhere_first, layout_grid_maze,
          drop_trap, uniq_agnes
Temple:   regret_index_temple_waves
Lair:1:   layout_regular_city, enter_volcano_1, uniq_gastronok
Lair:2:   layout_loops_ring, grunt_megastairs_1, minmay_lair_oklob_chamber,
          serial_bayou_shore_b, lemuel_fruit_tree
Lair:3:   layout_roguey, minmay_shoals_entry_hut,
          minmay_snake_entry_six_corridors, basic_altar, lemuel_fruit_fields,
          infiniplex_staircase_pool_2
Lair:4:   layout_long_grid, ice2_lemuel, lemuel_fruit_fields
Lair:5:   layout_regular_city, pf_torpor_hydra, uniq_sonja
Lair:6:   evil_forest, layout_layer_cave, minmay_slime_entry_pillars,
          gauntlet_entry_generic, minmay_stone_trees_small, serial_bayou_pond_c
Shoals:1: layout_shoals
Shoals:2: layout_shoals, uniq_louise
Shoals:3: layout_shoals, lemuel_centaur_altar, uniq_ilsuiw
Shoals:4: shoals_end_grunt_ice, layout_shoals,
          portal_ice_cave_entry_frozen_things, nicolae_shoals_seven_spires,
          uniq_kirke
Snake:1:  layout_cave_shapes
Snake:2:  layout_concentric_octagons, uniq_vashnia, uniq_frances, uniq_aizul
Snake:3:  layout_misc_corridors
Snake:4:  snake_pit, layout_layer_cave, ebering_ghost_gozag,
          nicolae_snake_linked_coils, serial_bayou_pond_e
Slime:1:  layout_caves
Slime:2:  layout_caves
Orc:1:    layout_caves, uniq_maurice
Orc:2:    grunt_orc_gardens, layout_caves, grunt_orc_garden, grunt_orc_garden,
          grunt_orc_garden, grunt_orc_garden, elves_outpost_lemuel, uniq_azrael
Vaults:1: v_misc_10, v_misc_27, ontoclasm_vaults_gallery,
          vaults_mumra_minichess_inversion, nicolae_vaults_twisting_passages,
          vaults_dpeg_hooks, nicolae_vaults_stairing_the_circle, v_misc_18,
          nicolae_vaults_little_squares_6, ontoclasm_vaults_ring_large,
          ontoclasm_vaults_claustrophobia, layout_vaults_omnibox, serial_shops,
          nicolae_shop_statue_plus
Vaults:2: minmay_crypt_entry_simple_box, v_pattern_4,
          nicolae_vaults_network_quinsquares
          [nicolae_vaults_network_quincunx_subvault,
          nicolae_vaults_network_quincunx_subvault,
          nicolae_vaults_network_quincunx_subvault,
          nicolae_vaults_network_quincunx_subvault], v_alt_pattern_2,
          vaults_room_stairs_pillars, nicolae_vaults_angled_halls,
          vaults_room_pool, hangedman_vaults_pinch, layout_vaults_omnigrid
Vaults:3: gammafunk_vaults_ghost_tricky_traps, st_greater_box_5, v_misc_30,
          v_misc_32, nicolae_vaults_windows_and_doors_thing, v_alt_pattern_6,
          nicolae_vaults_what_the_h, vaults_dpeg_encased_lava,
          grunt_vaults_trifunnel, v_misc_23, grunt_vaults_hallway_long,
          layout_vaults_big_cross, serial_shops, shop
Vaults:4: v_misc_3, st_greater_box_3, nicolae_vaults_yaktaur_gun_rack,
          grunt_vaults_focal, grunt_vaults_swirl, v_misc_17, v_misc_9,
          nicolae_vaults_network_star, hangedman_vaults_variations, v_misc_13,
          ontoclasm_vaults_loading_screen, ontoclasm_vaults_twist,
          layout_vaults_maze_bifur, serial_shops, shop

Skill      XL: |  1  2  3  4  5  6  7  8  9 10 11 12 13 14 15 16 17 18 19 20 |
---------------+-------------------------------------------------------------+-----
Spellcasting   | 3 4 5 6 7 8 |  8.0
Fighting       | 1 2 3 5 6 8 10 11 12 13 14 15 16 | 16.1
Necromancy     | 5 6 7 8 10 11 12 13 15 17 19 20 21 22 | 22.0
Dodging        | 2 3 4 5 6 7 8 9 |  9.2
Evocations     | 1 2 3 4 5 6 7 8 9 |  9.2
Shields        | 1 2 4 5 6 7 8 11 13 | 13.1
Long Blades    | 2 4 6 7 8 9 10 12 | 12.1
Translocations | 1 3 4 |  4.0
Armour         | 1 3 |  3.0
Stealth        | 2 |  2.0
Throwing       | 2 |  2.0

Action                   |  1- 3 |  4- 6 |  7- 9 | 10-12 | 13-15 | 16-18 | 19-21 || total
-------------------------+-------+-------+-------+-------+-------+-------+-------++-------
Melee: Whip              |    12 |       |       |       |       |       |       ||    12
       Short sword       |    26 |       |       |       |       |       |       ||    26
       Dagger            |    10 |   176 |    96 |       |       |       |       ||   282
       Double sword      |       |       |   147 |   396 |   573 |   723 |   677 ||  2516
       Spear             |       |       |       |       |     2 |       |       ||     2
Throw: Dart              |       |       |       |    12 |       |     3 |       ||    15
 Cast: Pain              |    39 |    26 |     9 |    29 |    89 |   109 |    15 ||   316
       Vampiric Draining |     1 |    23 |    26 |    80 |   246 |   341 |   193 ||   910
       Animate Dead      |       |       |     1 |       |     8 |     6 |     2 ||    17
       Agony             |       |       |       |     6 |    33 |    33 |    51 ||   123
       Apportation       |       |       |       |       |     2 |       |       ||     2
       Animate Skeleton  |       |       |       |       |     1 |       |       ||     1
       Dispel Undead     |       |       |       |       |    38 |    46 |    10 ||    94
Invok: Receive Corpses   |       |       |       |       |     2 |     4 |       ||     6
       Receive Necronomi |       |       |       |       |     1 |       |       ||     1
Evoke: Wand              |       |     2 |     8 |     2 |    11 |    36 |     7 ||    66
       Condenser vane    |       |       |       |       |     1 |     3 |     1 ||     5
       Box of beasts     |       |       |       |       |     1 |     2 |       ||     3
       Lightning rod     |       |       |       |       |       |     3 |     2 ||     5
       Phantom mirror    |       |       |       |       |       |     2 |       ||     2
  Use: Scroll            |       |     4 |     5 |     4 |    18 |    13 |    14 ||    58
 Stab: Sleeping          |     3 |     1 |     3 |     4 |     7 |     6 |     3 ||    27
       Paralysed         |       |     1 |       |     9 |     3 |       |       ||    13
       Distracted        |       |       |       |       |     3 |     3 |     2 ||     8
       Petrifying        |       |       |       |       |     1 |       |       ||     1
Armor: Robe              |    11 |    39 |    58 |   147 |    31 |       |       ||   286
       Leather armour    |       |       |    55 |       |   272 |   283 |   167 ||   777
Dodge: Dodged            |    38 |   123 |   202 |   363 |   534 |   535 |   387 ||  2182
Block: Buckler           |       |       |    52 |   165 |   267 |       |       ||   484
       Reflection        |       |       |       |       |    10 |   179 |    49 ||   238
       Kite shield       |       |       |       |       |     8 |  1006 |   725 ||  1739
       Rpst.: Double sword |       |       |    28 |    86 |   114 |    85 |    74 ||   387
